 Dungeon Crawl Stone Soup version 0.20.1-1-g8b1a95d (webtiles) character file.

85 dohliylev the Covert (level 4, 0/33 HPs)
             Began as a Vampire Assassin on Dec 3, 2017.
             Slain by an orc priest
             ... wielding a +0 mace
              (7 damage)
             ... on level 2 of the Dungeon.
             The game lasted 00:06:14 (1856 turns).

dohliylev the Covert (Vampire Assassin)             Turns: 1856, Time: 00:06:14

Health: 0/33       AC:  5    Str: 10    XL:     4   Next: 25%
Magic:  4/4        EV:  9    Int: 13    God:
Gold:   97         SH:  7    Dex: 16    Spells: 3/3 levels left

rFire    . . .     SeeInvis +   a - +2 dagger
rCold    + . .     Gourm    .   u - +0 shield
rNeg     + . .     Faith    .   c - +0 robe
rPois    .         Spirit   .   (no helmet)
rElec    .         Reflect  .   d - +0 cloak
rCorr    .         Harm     .   s - +0 pair of gloves
MR       .....     Rnd*Tele +   q - +0 pair of boots
Stlth    ++++......             (no amulet)
Regen    0.2/turn               l - ring of protection from cold
MPRegen  0.1/turn               r - ring of teleportation (curse)

@: no status effects
A: fangs 3, see invisible, unbreathing
a: Bat Form


You were on level 2 of the Dungeon.
You were not thirsty.

You visited 1 branch of the dungeon, and saw 3 of its levels.

You collected 97 gold pieces.

Inventory:

Hand Weapons
 a - a +2 dagger (weapon)
 b - a +0 blowgun
Missiles
 e - 17 poisoned needles
 f - 2 curare-tipped needles
Armour
 c - a +0 robe (worn)
 d - a +0 cloak (worn)
 q - a +0 pair of boots (worn)
 s - a +0 pair of gloves (worn)
 u - a +0 shield (worn)
Jewellery
 l - a ring of protection from cold (left hand)
 o - an uncursed ring of resist corrosion
 r - a cursed ring of teleportation (right hand)
Scrolls
 j - 4 scrolls of identify {unknown}
 n - a scroll of teleportation {unknown}
 t - a scroll of fog {unknown}
Potions
 g - a potion of blood
 h - a potion of curing
 i - a potion of invisibility {unknown}
 m - a potion of cancellation
 p - a potion of heal wounds {unknown}


   Skills:
 - Level 1.9 Fighting
 - Level 2.4 Short Blades
 - Level 1.5 Throwing
 - Level 1.2 Dodging
 + Level 8.5 Stealth


You had 3 spell levels left.
You didn't know any spells.

Dungeon Overview and Level Annotations

Branches:
Dungeon (3/15)

Altars:
Sif Muna


Innate Abilities, Weirdness & Mutations

You have razor-sharp teeth.
You have supernaturally acute eyesight. (SInv)
You can survive without breathing.


Message History

The orc priest hits you with a mace.
You hit the orc priest but do no damage.
The orc priest hits you but does no damage.
You hit the orc priest but do no damage.
Your bite misses the orc priest. You block the orc priest's attack.
You hit the orc priest. Your bite misses the orc priest.
The orc priest is lightly wounded.
The orc priest hits you with a mace!
You hit the orc priest.
The orc priest is heavily wounded.
The orc priest hits you with a mace.
* * * LOW HITPOINT WARNING * * *
You hit the orc priest but do no damage.
You bite the orc priest, but do no damage.
The orc priest is heavily wounded.
You hit the orc priest but do no damage.
You bite the orc priest, but do no damage.
The orc priest is heavily wounded.
The orc priest hits you with a mace!
You die...

#...#...........# #.# #### #
#.#...#.....###.# #.# # #
#...#.#.....# #.# #.# #### #
##.##.###.### #.# #.# #... #
###.##.# #.# #.# #.####..# #
#......# #.# #.# #.##....# #
#.#.#..# #.# #.# ##.##.#..# #
#...#..# #.#####.#####.#....... #
#.###..# #(..o@.....###.##.#... #
#......####.#####.#.# ####.#... #
#.####.##...# #.#.# #.####
###.####.##.#.# #...# #.# #
............#.# #...######.# #
###........##.#####.......#..####
########.#.##....................
#........#.###)#............#####
#.########.# #.#.########.#.# #


You could see an orc priest.

Vanquished Creatures
  3 adders (D:2)
  3 dart slugs
  3 leopard geckos
  3 giant cockroaches
  2 goblins
  3 hobgoblins (D:2)
  5 jackals
  7 kobolds
  A quokka (D:2)
  10 bats
  5 frilled lizards
  4 rats (D:1)
49 creatures vanquished.

Notes
Turn   | Place    | Note
-------+----------+-------------------------------------------
     0 | D:1      | dohliylev the Vampire Assassin began the quest for the Orb.
     0 | D:1      | Reached XP level 1. HP: 16/16 MP: 1/1
   158 | D:1      | Reached skill level 6 in Stealth
   175 | D:1      | Reached XP level 2. HP: 21/22 MP: 2/2
   828 | D:2      | Reached skill level 7 in Stealth
   872 | D:2      | Reached XP level 3. HP: 25/27 MP: 3/3
  1241 | D:2      | Reached skill level 8 in Stealth
  1540 | D:2      | Reached XP level 4. HP: 33/33 MP: 4/4
  1644 | D:2      | Found a deep blue altar of Sif Muna.
  1856 | D:2      | Slain by an orc priest

Skill      XL: |  1  2  3 |
---------------+----------+-----
Stealth        | 6 7 8 |  8.5
Fighting       | |  1.9
Short Blades   | |  2.4
Throwing       | |  1.5
Dodging        | |  1.2

Action                   |  1- 3 |  4- 6 || total
-------------------------+-------+-------++-------
Melee: Dagger            |   123 |    27 ||   150
       Bite              |     8 |     2 ||    10
 Fire: Blowgun           |       |     3 ||     3
 Abil: End Transformatio |     1 |     1 ||     2
       Bat Form          |     1 |     1 ||     2
  Use: Potion            |     2 |       ||     2
 Stab: Sleeping          |    10 |     3 ||    13
  Eat: Corpse            |     4 |     3 ||     7
Armor: Robe              |    38 |     7 ||    45
Dodge: Dodged            |   105 |     7 ||   112
Block: Shield            |       |     8 ||     8
